 Dungeon Crawl Stone Soup version 0.28.0-53-g5a82cb258f (webtiles) character file.

Game seed: 12479969417982254687

2 safid the Skirmisher (level 1, -3/20 HPs)
             Began as a Hill Orc Fighter on Aug 8, 2022.
             Slain by a kobold
             ... wielding a +3 short sword of electrocution
              (16 damage)
             ... on level 1 of the Dungeon.
             The game lasted 00:00:40 (121 turns).

safid the Skirmisher (Hill Orc Fighter)              Turns: 121, Time: 00:00:41

Health: -3/20      AC:  6    Str: 18    XL:     1   Next: 30%
Magic:  1/1        EV:  9    Int:  8    God:
Gold:   14         SH:  4    Dex: 10    Spells: 0/0 levels left

rFire   . . .      SeeInvis .   a - +0 war axe
rCold   . . .      Faith    .   c - +0 buckler
rNeg    . . .      Spirit   .   b - +0 scale mail
rPois   .          Reflect  .   (no helmet)
rElec   .          Harm     .   (no cloak)
rCorr   .          Rampage  .   (no gloves)
Will    .....                   (no boots)
Stlth   ..........              (no amulet)
HPRegen 0.06/turn               (no ring)
MPRegen 0.07/turn               (no ring)

@: no status effects
A: no striking features
a: no special abilities


You were on level 1 of the Dungeon.
You visited 1 branch of the dungeon, and saw 1 of its levels.

You collected 14 gold pieces.

Inventory:

Hand Weapons
 a - a +0 war axe (weapon)
Missiles
 e - 6 curare-tipped darts (quivered)
 g - 6 poisoned darts
Armour
 b - a +0 scale mail (worn)
 c - a +0 buckler (worn)
Scrolls
 h - a scroll of teleportation {unknown}
Potions
 d - a potion of might
 f - a potion of resistance {unknown}


   Skills:
 + Level 3.6 Fighting
 + Level 2.7 Axes
 + Level 3.3 Armour
 + Level 3.3 Shields


You couldn't memorise any spells.
You didn't know any spells.
Your spell library contained the following spells:

 Spells                   Type           Power      Damage    Failure   Level
 Ensorcelled Hibernation  Hex/Ice        0%         N/A       95%         2
 Passwall                 Tmut/Erth      0%         N/A       95%         2
 Swiftness                Air            0%         N/A       99%         3


Dungeon Overview and Level Annotations

Branches:
Dungeon (1/15)

Altars:


Message History

You closely miss the hobgoblin.
The hobgoblin is moderately wounded.
The hobgoblin hits you but does no damage.
You barely miss the hobgoblin.
The hobgoblin is moderately wounded.
The hobgoblin hits you but does no damage.
You slash the hobgoblin!
You kill the hobgoblin!
You see here a hobgoblin corpse.
You enter the shallow water.
Moving in this stuff is going to be slow.
HP restored.
You enter the shallow water.
Moving in this stuff is going to be slow.
A kobold comes into view. It is wielding a +0 short sword.
The kobold shouts!
The kobold throws a stone.
The stone hits you but does no damage.
Found 6 poisoned darts.
The kobold throws a stone.
The stone hits you but does no damage.
The kobold throws a stone.
The stone barely misses you. The kobold hits you but does no damage.
You slash the kobold!
You kill the kobold!
No target in view!
Found a scroll labelled RIMYQY ASKUO.
You see here 6 poisoned darts.
g - 6 poisoned darts
Things that are here:
a +0 short sword; 5 stones; a kobold corpse
h - a scroll labelled RIMYQY ASKUO You pick up a book of Burglary and begin reading...
You add the spells Passwall, Ensorcelled Hibernation and Swiftness to your library.
A kobold comes into view.
It is wielding a +3 short sword of electrocution.
The kobold shouts!
The kobold hits you with a +3 short sword of electrocution.
You closely miss the kobold.
The kobold hits you with a +3 short sword of electrocution.
The kobold hits you but does no damage.
You are electrocuted!
Ouch! That really hurt!
You die...

###.............####
.......#..#.....#
.......#....#####
.........#..#
......##.#..#
......##....#
......##..#.## #########
......##..#..###........
......##..##....@K......
########.#######........
#.# #........ #.#
#........ #.# #........
### #........ #........
#########


You could see a kobold.

Vanquished Creatures
  A hobgoblin (D:1)
  A kobold (D:1)
2 creatures vanquished.

Notes
Turn   | Place    | Note
-------+----------+-------------------------------------------
     0 | D:1      | safid the Hill Orc Fighter began the quest for the Orb.
     0 | D:1      | Reached XP level 1. HP: 19/19 MP: 1/1
    22 | D:1      | Found a faded altar of an unknown god.
   121 | D:1      | Slain by a kobold

Illustrated notes

Levels and vault maps discovered:
D:1:      wander_arrival_abandoned_jail, layout_rooms,
          shapermc_ecumenical_altar_starsandcircs

Action                   || total
-------------------------++-------
Melee: War axe           ||     7
Armor: Scale mail        ||     6
Dodge: Dodged            ||     2
